 Dungeon Crawl Stone Soup version 0.30.0-13-g156ef70053 (webtiles) character file.

Game seed: 557236862675554587

9 browni3141 the Firebug (level 2, 19/19 HPs)
             Began as a Demonspawn Fire Elementalist on May 17, 2023.
             Got out of the dungeon alive.
             The game lasted 00:00:44 (501 turns).

browni3141 the Firebug (DsFE)                        Turns: 501, Time: 00:00:45

Health: 19/19      AC:  2    Str:  8    XL:     2   Next: 6%
Magic:  4/5        EV: 12    Int: 16    God:
Gold:   48         SH:  0    Dex: 13    Spells: 4/5 levels left

rFire   . . .        (no weapon)
rCold   . . .        (no shield)
rNeg    . . .        a - +0 robe
rPois   .            (no helmet)
rElec   .            (no cloak)
rCorr   .            (no gloves)
SInv    .            (no boots)
Will    .....        (no amulet)
Stlth   ++           (no ring)
HPRegen 0.23/turn    (no ring)
MPRegen 0.09/turn

%: no passive effects
@: no status effects
A: demonic touch 1
a: no special abilities


You escaped.
You visited 1 branch of the dungeon, and saw 1 of its levels.

You collected 48 gold pieces.

Inventory:

Missiles
 J - 2 poisoned darts
Armour
 a - a +0 robe (worn)
Scrolls
 n - a scroll of enchant weapon {unknown}
 o - a scroll of identify {unknown}
Potions
 m - a potion of magic


   Skills:
 + Level 1.9 Dodging
 + Level 2.0 Stealth
 + Level 2.1 Spellcasting
 + Level 1.2 Conjurations
 + Level 2.8 Fire Magic


You had 4 spell levels left.
You knew the following spells:

 Your Spells              Type           Power      Damage    Failure   Level
z - Foxfire               Conj/Fire      32%        2x1d5     9%          1

Your spell library contained the following spells:

 Spells                   Type           Power      Damage    Failure   Level
 Scorch                   Fire           20%        2d5       10%         2
 Inner Flame              Hex/Fire       6%         N/A       34%         3
 Volatile Blastmotes      Fire/Tloc      12%        2d11      34%         3
 Flame Wave               Conj/Fire      8%         2d5       65%         4


Dungeon Overview and Level Annotations

Branches:
Dungeon (1/15)

Altars:


Innate Abilities, Weirdness & Mutations

Your touch may inflict minor irresistible damage on your foes.


Message History

You kill the bat!
Your foxfire dissipates!
Your foxfire dissipates!
Your foxfire dissipates!
Your magical contamination has completely faded away.
A bat comes into view.
A bat is nearby!
A bat is nearby!
A bat is nearby!
A bat is nearby!
Found a stone staircase leading down.
The bat barely misses you.
You conjure some foxfire!
The bat barely misses you.
You conjure some foxfire!
The foxfire hits the bat.
You kill the bat!
You conjure some foxfire!
Your foxfire dissipates!
Your foxfire dissipates!
Your foxfire dissipates! x2
o - a scroll labelled YDOOCU BOUK
Found a stone staircase leading down.
J - 2 poisoned darts A hobgoblin comes into view.
A hobgoblin is nearby!
A hobgoblin is nearby!
You conjure some foxfire!
You conjure some foxfire!
The foxfire hits the hobgoblin but does no damage.
You conjure some foxfire!
The foxfire hits the hobgoblin.
The hobgoblin is moderately wounded.
The foxfire hits the hobgoblin.
The hobgoblin is almost dead.
The foxfire hits the hobgoblin.
You kill the hobgoblin!
Your foxfire dissipates! x2
A kobold comes into view. It is wielding a +0 dagger.
You see here a hobgoblin corpse.
A kobold is nearby!
A kobold is nearby!
A kobold is nearby!
You conjure some foxfire!
You conjure some foxfire!
You conjure some foxfire!
You are out of magic!
A kobold is nearby!
A kobold is nearby!
A kobold is nearby!
Your foxfire dissipates!
The kobold shouts!
Your foxfire dissipates!
The foxfire hits the kobold.
The kobold is moderately wounded.
You are out of magic!
You are out of magic!
You conjure some foxfire!
You are out of magic!
The foxfire hits the kobold.
The kobold is severely wounded.
The foxfire hits the kobold but does no damage.
The kobold is severely wounded.
There is a stone staircase leading down here.
You conjure some foxfire!
The foxfire hits the kobold.
You kill the kobold!
Your foxfire dissipates!
A bat comes into view.
A bat is nearby!
A bat is nearby!
A bat is nearby!
You conjure some foxfire!
The foxfire hits the bat.
You kill the bat!
You conjure some foxfire!
You conjure some foxfire!
Your foxfire dissipates!
Your foxfire dissipates!
Your foxfire dissipates! x2
You now have 29 gold pieces (gained 8).
You now have 48 gold pieces (gained 19).
A ball python comes into view.
A ball python is nearby!
A ball python is nearby!
A ball python is nearby!
The ball python hisses angrily.
A rat comes into view.
You conjure some foxfire!
The ball python barely misses you. The ball python closely misses you.
You conjure some foxfire!
The foxfire hits the ball python.
The ball python is severely wounded.
The foxfire hits the ball python.
You kill the ball python!
Your Stealth skill increases to level 2!
You have reached level 2!
Your demonic ancestry asserts itself...
Your hands begin to faintly glow with unholy energy.
The foxfire hits the rat.
The rat is heavily wounded.
The foxfire hits the rat.
You kill the rat!
There is an open door here.
There is a staircase leading out of the dungeon here.
Are you sure you want to leave the Dungeon?
This will make you lose the game!
You have escaped!

...# ##.####.#.##..#
.?.#
#######..####...###.#
...# #...............#
#.# ...#
#.#####'#####...# #.#
.###
#.#PPP#.#PPP#...###.#
#.#P⌠P#.#P⌠P#.#..##.##
#.#PPP#.#PPP#.#.....>#
..#####.#####...######
..+....@....+..##
#.#####.#####..#
#.#PPP#.#PPP#..#
#.#P⌠P#.#P⌠P#..#
#.#PPP#.#PPP#..#
#.#####'#####..#
#..............#
#######........#
##########


There were no monsters in sight!

Vanquished Creatures
  A ball python (D:1)
  3 bats (D:1)
  2 hobgoblins (D:1)
  A kobold (D:1)
  A rat (D:1)
8 creatures vanquished.

Vanquished Creatures (others)
  33 foxfires (D:1)
33 creatures vanquished.

Grand Total: 41 creatures vanquished

Notes
Turn   | Place    | Note
-------+----------+-------------------------------------------
     0 | D:1      | browni3141 the Demonspawn Fire Elementalist began the quest
                  | for the Orb.
     0 | D:1      | Reached XP level 1. HP: 13/13 MP: 3/3
   464 | D:1      | Gained mutation: Your touch may inflict minor irresistible
                  | damage on your foes. [demonic ancestry]
   464 | D:1      | Reached XP level 2. HP: 19/19 MP: 1/5
   501 | D:$      | Got out of the dungeon alive.

Illustrated notes

Levels and vault maps discovered:
D:1:      beargit_arrival_greenhouse, layout_basic, serial_shops,
          nicolae_shop_peninsula

Skill      XL: |  1 |
---------------+----+-----
Stealth        | 2 |  2.0
Dodging        | |  1.9
Spellcasting   | |  2.1
Conjurations   | |  1.2
Fire Magic     | |  2.8

Action                     || total
---------------------------++-------
  Melee: Unarmed           ||     1
   Cast: Foxfire           ||    20
  Dodge: Dodged            ||     5
